 Dungeon Crawl Stone Soup version 0.30-a0-358-g0d69a1922f (webtiles) character file.

Game seed: 18035422244479363563

28 HoaS the Shooter (level 3, -5/21 HPs)
             Began as a Kobold Hunter on Nov 10, 2022.
             Slain by a gnoll
             ... wielding a +0 flail
              (6 damage)
             ... on level 2 of the Dungeon.
             The game lasted 00:01:52 (828 turns).

HoaS the Shooter (Kobold Hunter)                     Turns: 828, Time: 00:01:52

Health: -5/21      AC:  5    Str:  8    XL:     3   Next: 27%
Magic:  3/3        EV: 14    Int: 16    God:
Gold:   73         SH:  0    Dex: 20    Spells: 2/2 levels left

rFire   . . .      SeeInvis .    a - +1 shortbow
rCold   . . .      Faith    .    (shield currently unavailable)
rNeg    . . .      Spirit   .    c - +0 leather armour
rPois   .          Reflect  .    (no helmet)
rElec   .          Harm     .    (no cloak)
rCorr   .          Rampage  .    e - +1 pair of gloves
Will    .....                    (no boots)
Stlth   +++.......               (no amulet)
HPRegen 0.23/turn                f - +6 ring of intelligence
MPRegen 0.08/turn                (no ring)

@: no status effects
A: small, no large weapons, nightstalker 3
a: no special abilities


You were on level 2 of the Dungeon.
You visited 1 branch of the dungeon, and saw 2 of its levels.

You collected 73 gold pieces.

Inventory:

Hand Weapons
 a - a +1 shortbow (weapon)
Armour
 c - a +0 leather armour (worn)
 e - a +1 pair of gloves (worn)
Jewellery
 f - a +6 ring of intelligence (left hand)
Scrolls
 b - 2 scrolls of immolation
 i - 3 scrolls of fog
Potions
 j - a potion of heal wounds


   Skills:
 - Level 2.1 Fighting
 + Level 6.6 Ranged Weapons
 - Level 2.4 Dodging
 - Level 1.3 Stealth


You had 2 spell levels left.
You didn't know any spells.
Your spell library was empty.

Dungeon Overview and Level Annotations

Branches:
Dungeon (2/15)

Altars:


Innate Abilities, Weirdness & Mutations

You are small and have problems with some larger weapons.
You are completely attuned to the shadows.


Message History

The bat closely misses you. The bat misses you. The bat hits you.
The bat barely misses you. The bat closely misses you.
The gnoll closely misses you. The gnoll attacks as you move away!
The gnoll barely misses you. The gnoll attacks as you move away!
The gnoll barely misses you. The bat misses you.
The bat hits you but does no damage.
A ball python comes into view.
The bat attacks as you move away! The bat closely misses you. x2
You shoot an arrow. The arrow hits the gnoll!
The gnoll is severely wounded.
You hear a shout!
The gnoll hits you with a +0 flail.
You hear a shout! x2; You hear an angry hiss.
You shoot an arrow.
The arrow hits the gnoll but does no damage.
The gnoll is severely wounded.
The gnoll hits you but does no damage.
You shoot an arrow. The arrow hits the gnoll.
The gnoll is severely wounded.
The gnoll hits you with a +0 flail of protection.
The gnoll closely misses you.
You shoot an arrow. The arrow completely misses the gnoll.
The gnoll hits you with a +0 flail. The gnoll closely misses you.
You shoot an arrow. The arrow barely misses the gnoll.
The gnoll barely misses you. The gnoll closely misses you.
The gnoll attacks as you move away! The gnoll closely misses you.
The gnoll attacks as you move away! The gnoll hits you with a +0 flail.
* * * LOW HITPOINT WARNING * * *
The gnoll attacks as you move away! The gnoll hits you with a +0 flail.
* * * LOW HITPOINT WARNING * * *
The bat barely misses you.
A gnoll comes into view. It is wielding a +0 spear.
The gnoll misses you. The bat closely misses you. The gnoll barely misses you.
The gnoll closely misses you.
A gnoll comes into view. It is wielding a +0 spear.
The gnoll hits you with a +0 flail.
You die...

#.........#......#
#.........#......#
#.........#......#
#.........#g.....#
#.........g......#
#.........#......######.
#......b..#......#.>....
#.....ggS.#.........###
#......@..#S......#..###
###.#######.......##.g..
#># ###..#####g...
...#####§# #..# ##...
.....§§§§# #.... ....
#.####§§## #...# #....
#..#§§§§§# #....
#...###§.# ###....## ..


You could see 3 gnolls, a bat and a ball python.

Vanquished Creatures
  A dart slug (D:2)
  3 endoplasms (D:1)
  A giant cockroach (D:1)
  A goblin (D:1)
  2 quokkas (D:1)
  6 ball pythons
  2 bats (D:1)
  6 frilled lizards (D:1)
  A kobold (D:1)
  3 rats (D:1)
  A spectral goblin (D:1)
27 creatures vanquished.

Notes
Turn   | Place    | Note
-------+----------+-------------------------------------------
     0 | D:1      | HoaS the Kobold Hunter began the quest for the Orb.
     0 | D:1      | Reached XP level 1. HP: 12/12 MP: 1/1
    82 | D:1      | Reached XP level 2. HP: 17/17 MP: 2/2
   105 | D:1      | Reached skill level 6 in Ranged Weapons
   142 | D:1      | Found a faded altar of an unknown god.
   658 | D:1      | Reached XP level 3. HP: 21/21 MP: 3/3
   825 | D:2      | HP: 1/21 [gnoll/+0 flail (5)]
   828 | D:2      | Slain by a gnoll

Illustrated notes

Levels and vault maps discovered:
D:1:      mrwooster_arrival_arrow, layout_rooms,
          dreamdust_ecumenical_altar_drowned_temple, minmay_misc_feat_tower,
          dk_noncrumbling_2
D:2:      cheibrodos_greedy_goblins, layout_rooms, uniq_terence

Skill      XL: |  1  2 |
---------------+-------+-----
Ranged Weapons | 6 |  6.6
Fighting       | |  2.1
Dodging        | |  2.4
Stealth        | |  1.3

Action                   || total
-------------------------++-------
 Fire: Shortbow          ||    61
  Use: Scroll            ||     5
Armor: Leather armour    ||    15
Dodge: Dodged            ||    67

Table legend: (Time is in decaauts)
 A = Elapsed time spent in this place.
 B = Non-inter-level travel time spent in this place.
 C = Inter-level travel time spent in this place.
 D = Time resting spent in this place.
 E = Time spent auto-exploring this place.
 F = Levels seen in this place.
 G = Mean time per level.
                   A        B        C        D        E       F      G
               +--------+--------+--------+--------+--------+-----+--------+
         Total |    849 |    819 |     30 |     22 |    631 |   2 |  424.5 |
       Dungeon |    849 |    819 |     30 |     22 |    631 |   2 |  424.5 |
               +--------+--------+--------+--------+--------+-----+--------+

Top non-repeatable levels by time:
     D:1: 748 daAuts
     D:2: 100 daAuts
